 Dungeon Crawl Stone Soup version 0.29-a0-370-gb5314be063 (webtiles) character file.

Game seed: 5318241825687003320

64 Lekart the Chopper (level 3, -2/31 HPs)
             Began as a Draconian Gladiator on May 2, 2022.
             Slain by a gnoll
             ... wielding a +0 flail
              (3 damage)
             ... on level 2 of the Dungeon.
             The game lasted 00:01:30 (1326 turns).

Lekart the Chopper (Draconian Gladiator)            Turns: 1326, Time: 00:01:31

Health: -2/31      AC:  5    Str: 16    XL:     3   Next: 91%
Magic:  3/3        EV: 13    Int:  8    God:
Gold:   69         SH:  0    Dex: 14    Spells: 2/2 levels left

rFire   . . .      SeeInvis .   a - +0 war axe
rCold   . . .      Faith    .   (no shield)
rNeg    . . .      Spirit   .   (body armour unavailable)
rPois   +          Reflect  .   b - +0 hat
rElec   .          Harm     .   (no cloak)
rCorr   .          Rampage  .   (no gloves)
Will    .....                   (no boots)
Stlth   +.........              (no amulet)
HPRegen 0.10/turn               i - ring of poison resistance
MPRegen 0.08/turn               (no ring)

@: no status effects
A: AC +5, unfitting armour, cold-blooded
a: no special abilities


You were on level 2 of the Dungeon.
You visited 1 branch of the dungeon, and saw 2 of its levels.

You collected 69 gold pieces.

Inventory:

Hand Weapons
 a - a +0 war axe (weapon)
Armour
 b - a +0 hat (worn)
Jewellery
 i - a ring of poison resistance (left hand)
Scrolls
 c - a scroll of blinking
 f - 3 scrolls of amnesia
 g - a scroll of teleportation {unknown}
Potions
 e - a potion of flight {unknown}
 h - a potion of brilliance


   Skills:
 + Level 3.0 Fighting
 + Level 3.9 Axes
 + Level 2.0 Throwing
 + Level 3.2 Dodging


You had 2 spell levels left.
You didn't know any spells.
Your spell library was empty.

Dungeon Overview and Level Annotations

Branches:
Dungeon (2/15)

Altars:


Innate Abilities, Weirdness & Mutations

Your plain brown scales are hard. (AC +5)
You cannot fit into any form of body armour.
You are cold-blooded and may be slowed by cold attacks.


Message History

You are too injured to fight recklessly!
You are too injured to fight recklessly!
You are too injured to fight recklessly!
You are too injured to fight recklessly!
The bat barely misses you.
Unknown command.
The bat attacks as you move away! The bat hits you but does no damage. x2
The bat closely misses you.
You closely miss the bat. The bat barely misses you. x2
You hit the bat.
The bat is severely wounded.
The bat hits you. The bat barely misses you. The bat hits you.
You closely miss the bat.
The bat is severely wounded.
The bat hits you but does no damage. x2
You miss the bat.
The bat is moderately wounded.
The bat hits you. The bat hits you but does no damage.
The bat barely misses you.
You miss the bat.
The bat is moderately wounded.
The bat hits you. The bat completely misses you.
You hit the bat.
You kill the bat!
You hit the gnoll but do no damage.
The gnoll is heavily wounded.
The gnoll hits you with a +0 flail.
* * * LOW HITPOINT WARNING * * *
The gnoll hits you with a +0 flail.
* * * LOW HITPOINT WARNING * * *
You barely miss the gnoll.
The gnoll is heavily wounded.
The gnoll misses you.
You hit the gnoll but do no damage.
Your tail-slap misses the gnoll.
The gnoll is heavily wounded.
The gnoll hits you with a +0 flail.
* * * LOW HITPOINT WARNING * * *
The gnoll attacks as you move away! The gnoll misses you.
The gnoll attacks as you move away! The gnoll hits you with a +0 flail.
You die...

.# #.#### #. .#########.# #.
...........############# #.
.####..................#########.
.......................'.........
.##....................#########'
.##..†##########..÷....# #.......
.##...# #.......# #.......
'##...# #@......# #.......
.....## #g......# #....... .....#
#K####### #....... >....+ #.#
#....... .....# #g# #.......
#####.. #†# #....... ... #g#
#....... w..# #..g......#
#....... ..# #.........# #.......


You could see 2 gnolls, 2 goblins and a kobold.

Vanquished Creatures
  An adder (D:2)
  A gnoll (D:2)
  4 ball pythons
  4 bats
  6 endoplasms
  2 goblins (D:1)
  7 hobgoblins
  4 jackals (D:1)
  3 kobolds (D:1)
  2 quokkas
  A frilled lizard (D:2)
  4 rats
39 creatures vanquished.

Notes
Turn   | Place    | Note
-------+----------+-------------------------------------------
     0 | D:1      | Lekart the Draconian Gladiator began the quest for the Orb.
     0 | D:1      | Reached XP level 1. HP: 17/17 MP: 1/1
    84 | D:1      | Reached XP level 2. HP: 16/25 MP: 2/2
   714 | D:1      | Reached XP level 3. HP: 30/30 MP: 3/3
   938 | D:1      | Found a faded altar of an unknown god.
  1321 | D:2      | HP: 1/31 [gnoll/+0 flail (4)]
  1326 | D:2      | Slain by a gnoll

Illustrated notes

Levels and vault maps discovered:
D:1:      lemuel_arrival_room, layout_loops_cross,
          shapermc_ecumenical_altar_mp_vishouse, corexii_leaking_fountain,
          st_stairs_1, minmay_misc_feat_tower
D:2:      layout_basic, basic_altar, uniq_natasha

Skill      XL: |  1  2  3 |
---------------+----------+-----
Throwing       | 2 |  2.0
Dodging        | 3 |  3.2
Fighting       | 3 |  3.0
Axes           | |  3.9

Action                   || total
-------------------------++-------
Melee: War axe           ||   101
       Tailslap          ||     7
       Punch             ||     1
Throw: Throwing net      ||     4
       Javelin           ||     4
  Use: Scroll            ||     4
 Stab: Sleeping          ||     2
       Held in net/web   ||     1
Armor: Skin              ||    44
Dodge: Dodged            ||   107

Table legend: (Time is in decaauts)
 A = Elapsed time spent in this place.
 B = Non-inter-level travel time spent in this place.
 C = Inter-level travel time spent in this place.
 D = Time resting spent in this place.
 E = Time spent auto-exploring this place.
 F = Levels seen in this place.
 G = Mean time per level.
                   A        B        C        D        E       F      G
               +--------+--------+--------+--------+--------+-----+--------+
         Total |   1362 |   1357 |      5 |      0 |   1096 |   2 |  681.0 |
       Dungeon |   1362 |   1357 |      5 |      0 |   1096 |   2 |  681.0 |
               +--------+--------+--------+--------+--------+-----+--------+

Top non-repeatable levels by time:
     D:1: 990 daAuts
     D:2: 371 daAuts
